 Dungeon Crawl Stone Soup version 0.24.1-1-gd1d2a07e1b (webtiles) character file.

Game seed: 4799403087569737067, levelgen mode: deterministic

18 Peloso the Covered (level 2, 27/27 HPs)
             Began as a Minotaur Fighter on Apr 8, 2020.
             Got out of the dungeon alive.
             The game lasted 00:01:07 (365 turns).

Peloso the Covered (Minotaur Fighter)                Turns: 365, Time: 00:01:08

Health: 27/27      AC:  7    Str: 20    XL:     2   Next: 48%
Magic:  1/1        EV:  7    Int:  5    God:
Gold:   51         SH:  9    Dex:  9    Spells: 1/1 levels left

rFire    + . .     SeeInvis .   a - +0 long sword
rCold    . . .     Gourm    .   c - +0 shield
rNeg     . . .     Faith    .   b - +0 scale mail
rPois    .         Spirit   .   (helmet restricted)
rElec    .         Reflect  .   (no cloak)
rCorr    .         Harm     .   (no gloves)
MR       .....                  (no boots)
Stlth    ..........             (no amulet)
HPRegen  0.09/turn              (no ring)
MPRegen  0.07/turn              (no ring)

@: no status effects
A: retaliatory headbutt, hooves 1, horns 2, fire resistance 1, wild magic 1,
MP-powered wands
a: no special abilities


You escaped.
You were not hungry.

You visited 1 branch of the dungeon, and saw 1 of its levels.

You collected 51 gold pieces.

Inventory:

Hand Weapons
 a - a +0 long sword (weapon)
Armour
 b - a +0 scale mail (worn)
 c - a +0 shield (worn)
Scrolls
 e - a scroll of identify
Potions
 d - a potion of might
Comestibles
 f - a ration


   Skills:
 + Level 3.8 Fighting
 + Level 2.6 Long Blades
 + Level 4.1 Armour
 + Level 4.0 Shields


You had one spell level left.
You didn't know any spells.
Your spell library was empty.

Dungeon Overview and Level Annotations

Branches:
Dungeon (1/15)

Altars:


Innate Abilities, Weirdness & Mutations

You reflexively headbutt those who attack you in melee.
You have a pair of horns on your head.
You have large cloven feet.
Your flesh is heat resistant. (rF+)
Your spells are a little harder to cast, but a little more powerful.
You expend magic power (3 MP) to strengthen your wands.


Message History

A hobgoblin is nearby!
A hobgoblin is nearby!
A hobgoblin is nearby!
The hobgoblin hits you but does no damage.
You slash the hobgoblin!
You kill the hobgoblin!
Things that are here:
a +0 club; a hobgoblin corpse
g - a cyan potion It was a potion of mutation.
You feel extremely strange.
Your feet thicken and deform.
You feel less in control of your magic.
You feel resistant to heat.
You feel your magical essence link to the dungeon's wands.
A dart slug comes into view.
There is a staircase leading out of the dungeon here.
Are you sure you want to leave the Dungeon?
This will make you lose the game!
Alright, then stay!
Unknown command.
Are you sure you want to leave the Dungeon?
This will make you lose the game!
You have escaped!

.........##........#####
#.##..#..##.#.......w...
#.##..#..##.#......#####
#........##.###.##.#
#.##..#..##.# #.##w##
#.##..#.(##.# #.....#
..##..#.....######w.#####
####..##.##....##.........
......##.##.####@...######
####.###.##.# ##........
.........##.# .##.(####
####.######.# #. ..# #.#
#.# #. .... #.# #.# #.
#.### #.# ###.####.###.#
#.####...........
#......##########


You could see a dart slug.

Vanquished Creatures
  An ooze (D:1)
  A dart slug (D:1)
  A leopard gecko (D:1)
  A goblin (D:1)
  2 hobgoblins (D:1)
  4 frilled lizards (D:1)
  A kobold (D:1)
  A rat (D:1)
12 creatures vanquished.

Notes
Turn   | Place    | Note
-------+----------+-------------------------------------------
     0 | D:1      | Peloso the Minotaur Fighter began the quest for the Orb.
     0 | D:1      | Reached XP level 1. HP: 19/19 MP: 0/0
   140 | D:1      | Reached XP level 2. HP: 27/27 MP: 1/1
   317 | D:1      | Gained mutation: You have large cloven feet. [potion of
                  | mutation]
   317 | D:1      | Gained mutation: Your spells are a little harder to cast,
                  | but a little more powerful. [potion of mutation]
   317 | D:1      | Gained mutation: Your flesh is heat resistant. (rF+)
                  | [potion of mutation]
   317 | D:1      | Gained mutation: You expend magic power (3 MP) to
                  | strengthen your wands. [potion of mutation]
   365 | D:$      | Got out of the dungeon alive.

Levels and vault maps discovered:
D:1:      saegor_arrival_simple_a, layout_loops_ring

Skill      XL: |  1  2 |
---------------+-------+-----
Armour         | 4 |  4.1
Shields        | 4 |  4.0
Fighting       | |  3.8
Long Blades    | |  2.6

Action                   || total
-------------------------++-------
Melee: Long sword        ||    33
       Headbutt          ||     4
  Use: Potion            ||     3
       Scroll            ||     1
Armor: Scale mail        ||    13
Dodge: Dodged            ||     5
Block: Shield            ||    18
